 Dungeon Crawl Stone Soup version 0.19.4-9-g45fd643 (webtiles) character file.

11596 equalderp2856 the Gouger (level 11, -14/48 HPs)
             Began as a Felid Fighter on Feb 15, 2017.
             Killed from afar by a rime drake (21 damage)
             ... with a flash freeze
             ... on level 4 of the Lair of Beasts on Feb 16, 2017.
             The game lasted 03:27:57 (45844 turns).

equalderp2856 the Gouger (Felid Fighter)           Turns: 45844, Time: 03:27:58

Health: -14/48     AC:  3    Str: 13    XL:     11   Next: 51%
Magic:  32/32      EV: 27    Int: 12    God:
Gold:   1091       SH:  0    Dex: 20    Spells: 7 memorised, 12 levels left
                                        Lives:  0   Deaths: 4

rFire  . . .     SeeInvis +       - Unarmed
rCold  + . .     Gourm    .     (armour unavailable)
rNeg   . . .     Faith    .     (shield unavailable)
rPois  .         Spirit   .     (helmet unavailable)
rElec  .         Reflect  .     (cloak unavailable)
rCorr  .         Harm     .     (gloves unavailable)
MR     +....                    (boots unavailable)
Stlth  ++++++....               P - amulet of rage
                                d - ring of magical power
                                O - +3 ring of dexterity

@: studying Poison Magic, quick
A: no armour, no weapons or thrown items, stealth, claws 1, fangs 3, see
invisible, carnivore 3, speed 1, shaggy fur 3, slow metabolism 1, sharp paws
a: Evoke Berserk Rage


You were on level 4 of the Lair of Beasts.
You were not hungry.

You visited 2 branches of the dungeon, and saw 16 of its levels.
You also visited: Labyrinth and Ossuary.

You collected 1091 gold pieces.

Inventory:

Missiles
 c - 242 arrows
 l - 62 bolts
Jewellery
 d - a ring of magical power (right paw)
 f - an uncursed ring of fire
 p - an uncursed ring of ice
 A - an uncursed ring of flight
 O - a +3 ring of dexterity (left paw)
 P - an amulet of rage (around neck)
 R - an uncursed amulet of faith
 U - an uncursed ring of poison resistance
 V - an uncursed amulet of guardian spirit {unknown}
 W - a +3 ring of evasion {unknown}
Wands
 x - a wand of lightning (0/15)
 y - a wand of flame (5/48)
 F - a wand of lightning (0/15)
 G - a wand of teleportation (5/9)
 I - a wand of disintegration (5/24)
 X - a wand of slowing (26/48)
 Y - a wand of confusion (9/48)
 Z - a wand of flame (19/48)
Scrolls
 e - 6 scrolls of remove curse
 g - 2 scrolls of acquirement
 h - 5 scrolls of fog
 j - 12 scrolls of identify
 o - a scroll of magic mapping
 K - a scroll of teleportation
 M - 4 scrolls of fear
 Q - 2 scrolls of recharging
 T - 3 scrolls of amnesia
Potions
 a - 2 potions of mutation
 i - 2 potions of magic {unknown}
 n - 3 potions of agility
 q - 2 potions of ambrosia
 r - a potion of resistance
 t - a potion of curing
 u - 2 potions of lignification
 v - 2 potions of berserk rage
 B - 2 potions of cancellation
 C - a potion of haste
Books
 k - a book of the Dragon

   Spells                             Type                      Level
   a - Flame Tongue                   Conjuration/Fire             1
   b - Cause Fear                     Hexes                        4
   c - Bolt of Fire                   Conjuration/Fire             6
   d - Dragon Form                    Transmutation                7
   e - Dragon's Call                  Summoning                    9
 m - the Papyrus of Conjuration and Transmigration
   (You found it on level 2 of the Lair of Beasts)

   Spells                             Type                      Level
   a - Ignite Poison                  Fire/Transmutation/Poison    3
   b - Iskenderun's Mystic Blast      Conjuration                  4
   c - Iskenderun's Battlesphere      Conjuration/Charms           5
   d - Dragon Form                    Transmutation                7
 s - a Young Poisoner's Handbook

   Spells                             Type                      Level
   a - Sting                          Conjuration/Poison           1
   b - Mephitic Cloud                 Conjuration/Poison/Air       3
   c - Olgreb's Toxic Radiance        Poison                       4
   d - Alistair's Intoxication        Transmutation/Poison         5
   e - Venom Bolt                     Conjuration/Poison           5
 z - a book of Minor Magic

   Spells                             Type                      Level
   a - Magic Dart                     Conjuration                  1
   b - Blink                          Translocation                2
   c - Call Imp                       Summoning                    2
   d - Repel Missiles                 Charms/Air                   2
   e - Slow                           Hexes                        2
   f - Conjure Flame                  Conjuration/Fire             3
   g - Mephitic Cloud                 Conjuration/Poison/Air       3
 D - a book of Beasts

   Spells                             Type                      Level
   a - Summon Butterflies             Summoning                    1
   b - Call Canine Familiar           Summoning                    3
   c - Summon Ice Beast               Ice/Summoning                4
   d - Summon Mana Viper              Hexes/Summoning              5
   e - Summon Hydra                   Summoning                    7
 J - a manual of Poison Magic
 L - a book of Misfortune

   Spells                             Type                      Level
   a - Confusing Touch                Hexes                        1
   b - Confuse                        Hexes                        3
   c - Gell's Gravitas                Hexes/Translocation          3
   d - Petrify                        Transmutation/Earth          4
   e - Metabolic Englaciation         Hexes/Ice                    5
   f - Yara's Violent Unravelling     Hexes/Transmutation          5
 N - a book of Misfortune

   Spells                             Type                      Level
   a - Confusing Touch                Hexes                        1
   b - Confuse                        Hexes                        3
   c - Gell's Gravitas                Hexes/Translocation          3
   d - Petrify                        Transmutation/Earth          4
   e - Metabolic Englaciation         Hexes/Ice                    5
   f - Yara's Violent Unravelling     Hexes/Transmutation          5
 S - a book of Conjurations

   Spells                             Type                      Level
   a - Magic Dart                     Conjuration                  1
   b - Searing Ray                    Conjuration                  2
   c - Dazzling Spray                 Conjuration/Hexes            3
   d - Fulminant Prism                Conjuration/Hexes            4
   e - Iskenderun's Mystic Blast      Conjuration                  4
   f - Iskenderun's Battlesphere      Conjuration/Charms           5
Comestibles
 b - 4 meat rations
 H - 8 royal jellies


   Skills:
 + Level 5.3 Fighting
 + Level 10.5 Dodging
 + Level 13.1 Stealth
 + Level 13.8 Unarmed Combat
 + Level 7.6 Spellcasting
 * Level 6.6 Conjurations
 + Level 8.1 Hexes
 + Level 0.4 Summonings
 + Level 1.7 Translocations
 - Level 6.1 Poison Magic
 + Level 1.5 Evocations


You had 12 spell levels left.
You knew the following spells:

 Your Spells              Type           Power        Failure   Level  Hunger
a - Magic Dart            Conj           ###.         1%          1    None
b - Blink                 Tloc           N/A          12%         2    #......
c - Call Imp              Summ           #.......     21%         2    #......
d - Repel Missiles        Chrm/Air       #.....       28%         2    #......
e - Slow                  Hex            ###.....     1%          2    #......
f - Confusing Touch       Hex            ###...       1%          1    None
g - Confuse               Hex            ###.....     1%          3    ##.....


Dungeon Overview and Level Annotations

Branches:
Dungeon (10/15)            Temple (0/1) D:4            Lair (6/6) D:9
  Swamp (0/4) Lair:4       Spider (0/4) Lair:4        Slime (0/5) Lair:5
    Orc: D:9-12

Altars:
Dithmenos
Elyvilon
Fedhas
Gozag
Hepliaklqana
Okawaru
Qazlal
Sif Muna
Vehumet
Yredelemnul
Jiyva

Shops:
D:4 [   D:9 (

Annotations:
D:4 Blork the orc, Pikel
Lair:5 Nessos


Innate Abilities, Weirdness & Mutations

You cannot wear armour.
You are incapable of wielding weapons or throwing items.
Your paws allow you to move quietly. (Stealth)
You have sharp claws.
You have razor-sharp teeth.
You have supernaturally acute eyesight. (SInv)
You are carnivorous and can eat meat at any time.
You cover ground quickly.
Your thick and shaggy fur keeps you warm. (AC +3, rC+)
You have a slow metabolism.
Your sharp claws are effective at attacking unaware monsters.


Message History

You fall asleep.
The dream sheep barely misses you. x2
The dream sheep completely misses you. The dream sheep misses you.
The dream sheep completely misses you. The dream sheep bites you!
You wake up.
The dream sheep ruffle their wool and motes of dream dust sparkle, to no effect.
The dream sheep shake their wool and sparkle.
You feel drowsy...
You fall asleep.
The dream sheep bites you!
You wake up.
The dream sheep ruffles its wool and motes of dream dust sparkle, to no effect.
A rime drake comes into view.
The rime drake hisses angrily.
The rime drake breathes ice at you. The flash freeze hits you!
You partially resist.
* * * LOW HITPOINT WARNING * * *
You are encased in ice.
The ice encasing you melts away. The rime drake breathes ice at you.
The flash freeze hits you! You partially resist.
You die...

#...###...P..# ###.##
...########P.# ##..# #..P.##
#...# #..## ##P...######.###
##.#### ###.####.##....####
#.##.## ##
##P.P..P..#...###P####..#..#####.
.#.........###..P..##...........#
......k.P.#.#.........<...###....
.#..............@........## #....
P#.#)#Pk#.###..#..P.......####...
P#..##....#P#.............##.....
.#.####....k.##...........#..#...
##.# ##....PY#...........P.P...##
#..###.......#.##.#......PP..#..#
...P...........##.#..............
#P..............P.#........(.....
##..#..........Y...............[.


You could see a rime drake.

Vanquished Creatures
  A minotaur (Lab)
  4 hydras
  Josephine (Lair:6)
  2 catoblepae (Lair:6)
  A death yak (Lair:4)
  Nergalle (Lair:3)
  A wolf spider (Lair:4)
  Joseph (D:8)
  2 black mambas
  11 spiny frogs
  4 komodo dragons
  A jumping spider (Lair:4)
  A two-headed ogre (D:7)
  7 blink frogs
  3 dream sheep (Lair:4)
  15 hippogriffs
  Sigmund (D:4)
  3 wraiths (Lair:4)
  A redback (Lair:4)
  A wyvern (Lair:2)
  30 yaks
  3 basilisks
  A hungry ghost (D:9)
  Edmund (D:5)
  13 water moccasins
  17 porcupines
  2 hell hounds (D:9)
  3 orc warriors
  2 ice beasts
  5 phantoms
  A black bear (Lair:2)
  3 sky beasts
  6 wolves
  6 ogres
  3 centaurs (D:8)
  11 crocodiles
  13 bullfrogs
  A gnoll sergeant (D:8)
  17 killer bees
  A water moccasin skeleton (D:7)
  9 wights
  5 electric eels
  A howler monkey (D:7)
  A crimson imp (D:5)
  A bullfrog zombie (D:7)
  6 jellies
  2 centaur zombies
  8 hounds
  10 orc wizards
  7 orc priests
  3 iguanas
  Ijyb (D:3)
  3 worker ants
  Natasha (D:4)
  4 ogre zombies (Ossuary)
  2 hound zombies
  4 hound skeletons
  7 mummies (Ossuary)
  A howler monkey zombie (D:7)
  5 gnolls (D:8)
  5 adders
  8 oozes
  7 adder zombies
  2 adder skeletons
  2 worms
  7 leopard geckos
  29 orcs
  4 giant cockroaches
  17 goblins
  4 hobgoblins
  13 jackals
  5 quokkas
  4 ball pythons
  10 bats
  8 frilled lizards
  2 gnoll zombies (Ossuary)
  4 goblin zombies (Ossuary)
  5 hobgoblin zombies (Ossuary)
  A jackal zombie (D:6)
  4 kobolds
  2 kobold zombies (Ossuary)
  A leopard gecko skeleton (D:7)
  A leopard gecko zombie (D:7)
  A quokka skeleton (D:5)
  6 quokka zombies
  5 rats
  A rat zombie (Ossuary)
  3 fungi (Lair:4)
443 creatures vanquished.

Vanquished Creatures (others)
  A spiny frog (Lair:5)
  A quokka (D:5)
  5 fungi
  12 plants
19 creatures vanquished.

Grand Total: 462 creatures vanquished

Notes
Turn   | Place    | Note
-------+----------+-------------------------------------------
     0 | D:1      | equalderp2856 the Felid Fighter began the quest for the Orb.
     0 | D:1      | Reached XP level 1. HP: 10/10 MP: 2/2
   252 | D:1      | Reached XP level 2. HP: 11/14 MP: 3/3
   579 | D:1      | Reached skill level 1 in Stealth
   964 | D:2      | Found an iron altar of Okawaru.
  1022 | D:2      | Reached XP level 3. HP: 17/17 MP: 4/4
  1471 | D:2      | Found an opulent altar of Gozag.
  1491 | D:2      | Found a hazy altar of Hepliaklqana.
  1499 | D:2      | Found a radiant altar of Vehumet.
  2022 | D:3      | Reached skill level 5 in Unarmed Combat
  2068 | D:3      | Reached XP level 4. HP: 15/21 MP: 5/5
  2121 | D:3      | Noticed Ijyb
  2165 | D:3      | Blown up by Ijyb
  2166 | D:3      | Reached XP level 3. HP: 0/17 MP: 4/4
  3195 | D:4      | Reached XP level 4. HP: 21/21 MP: 5/5
  3458 | D:4      | Noticed Sigmund
  3464 | D:4      | Reached skill level 5 in Dodging
  3464 | D:4      | Reached XP level 5. HP: 17/24 MP: 6/6
  3493 | D:4      | Killed Sigmund
  3493 | D:4      | Gained mutation: You are covered in thick fur. (AC +2) [Felid growth]
  3493 | D:4      | Reached XP level 6. HP: 5/28 MP: 7/7
  3527 | D:4      | Found a staircase to the Ecumenical Temple.
  3585 | D:4      | Noticed a slave
  3585 | D:4      | Noticed a slave
  3586 | D:4      | Noticed Pikel
  3586 | D:4      | Noticed a slave
  3586 | D:4      | Noticed a slave
  3658 | D:4      | Found a blossoming altar of Fedhas.
  3659 | D:4      | Noticed Blork the orc
  3725 | D:4      | Found a sand-covered staircase.
  3733 | Ossuary  | Entered an ossuary
  4925 | Ossuary  | Reached XP level 7. HP: 22/31 MP: 8/8
  5227 | D:4      | Found Qysomoc's Antique Armour Emporium.
  5570 | D:4      | Noticed Natasha
  5574 | D:4      | Killed Natasha
  5574 | D:4      | Reached skill level 5 in Stealth
  6039 | D:5      | Entered Level 5 of the Dungeon
  6173 | D:5      | Found a white marble altar of Elyvilon.
  6353 | D:5      | Noticed Edmund
  6362 | D:5      | Killed Edmund
  6953 | D:3      | Killed Ijyb
  6953 | D:3      | Reached XP level 8. HP: 15/34 MP: 9/9
  7760 | D:6      | Found a shadowy altar of Dithmenos.
 10480 | D:7      | Reached skill level 1 in Evocations
 10679 | D:7      | Killed from afar by an orc wizard
 10680 | D:7      | Reached XP level 7. HP: -1/31 MP: 8/8
 10713 | D:7      | Reached XP level 8. HP: 36/36 MP: 9/9
 11238 | D:7      | Found a basalt altar of Yredelemnul.
 11317 | D:6      | Reached skill level 10 in Unarmed Combat
 13165 | D:7      | Reached XP level 9. HP: 15/39 MP: 11/11
 15359 | D:6      | Learned a level 1 spell: Magic Dart
 15362 | D:6      | Learned a level 2 spell: Blink
 15365 | D:6      | Learned a level 2 spell: Call Imp
 15368 | D:6      | Learned a level 2 spell: Repel Missiles
 17096 | D:7      | Reached skill level 1 in Translocations
 17655 | D:8      | Reached XP level 10. HP: 43/43 MP: 12/12
 17725 | D:8      | Reached skill level 1 in Spellcasting
 18067 | D:8      | Noticed Joseph
 19125 | D:7      | Learned a level 2 spell: Slow
 19319 | D:8      | Found a deep blue altar of Sif Muna.
 19954 | D:8      | Killed Joseph
 20273 | D:9      | Reached skill level 10 in Stealth
 20303 | D:9      | Found Xumnetun's Weapon Shoppe.
 20500 | D:9      | Found a staircase to the Lair.
 20555 | D:9      | Found a stormy altar of Qazlal.
 20732 | D:10     | Entered Level 10 of the Dungeon
 20743 | D:10     | Noticed a hill giant
 21644 | D:9      | Learned a level 1 spell: Confusing Touch
 21781 | D:9      | Noticed a guardian serpent
 22384 | Lair:1   | Entered Level 1 of the Lair of Beasts
 22844 | Lair:1   | Noticed a spiny frog
 22853 | Lair:1   | Killed a spiny frog
 22861 | Lair:1   | Found a labyrinth entrance.
 22870 | Lab      | Entered a labyrinth
 25596 | Lab      | Noticed a minotaur
 25598 | Lab      | Killed a minotaur
 25598 | Lab      | Reached skill level 5 in Fighting
 25598 | Lab      | Reached skill level 1 in Hexes
 25598 | Lab      | Reached XP level 11. HP: 47/47 MP: 12/14
 26354 | D:8      | Learned a level 3 spell: Confuse
 26681 | Lair:1   | Noticed a six-headed hydra
 27068 | Lair:1   | Identified 3 scrolls of acquirement
 27646 | Lair:1   | Reached skill level 10 in Dodging
 28271 | Lair:2   | Identified the Papyrus of Conjuration and Transmigration
 30808 | Lair:3   | Noticed Nergalle
 31184 | Lair:4   | Reached skill level 5 in Spellcasting
 31952 | Lair:4   | Found a staircase to the Swamp.
 32741 | Lair:2   | Reached skill level 1 in Poison Magic
 32764 | Lair:4   | Noticed Josephine
 33372 | Lair:4   | Gained mutation: Your thick and shaggy fur keeps you warm. (AC +3, rC+) [Felid growth]
 33372 | Lair:4   | Reached XP level 12. HP: 51/51 MP: 20/20
 33384 | Lair:4   | Reached skill level 5 in Poison Magic
 33448 | Lair:4   | Found a hole to the Spider Nest.
 34277 | Lair:5   | Noticed an eight-headed hydra
 34520 | Lair:5   | Found a viscous altar of Jiyva.
 34520 | Lair:5   | Found a staircase to the Slime Pits.
 35158 | Lair:5   | Noticed Nessos
 35191 | Lair:5   | Noticed a seven-headed hydra
 35199 | Lair:5   | Reached skill level 1 in Conjurations
 35281 | Lair:5   | Killed an eight-headed hydra
 35756 | Lair:6   | Entered Level 6 of the Lair of Beasts
 35815 | Lair:5   | Killed a seven-headed hydra
 35910 | Lair:5   | Reached skill level 5 in Conjurations
 36389 | Lair:5   | HP: 1/51 [spiny frog (22)]
 37121 | Lair:4   | HP: 2/51 [wolf spider (4)]
 37403 | Lair:4   | Reached skill level 5 in Hexes
 41035 | Lair:6   | Noticed a four-headed hydra
 41242 | Lair:6   | Noticed an eight-headed hydra
 41284 | Lair:6   | Killed a four-headed hydra
 41284 | Lair:6   | Reached XP level 13. HP: 43/54 MP: 21/24
 41460 | Lair:6   | Killed Josephine
 41857 | Lair:6   | Slain by an eight-headed hydra
 41858 | Lair:6   | Reached XP level 12. HP: 0/51 MP: 32/32
 42031 | Lair:6   | Killed an eight-headed hydra
 42138 | Lair:6   | Noticed a catoblepas
 42475 | Lair:6   | Noticed a catoblepas
 42930 | Lair:6   | Killed a catoblepas
 43362 | Lair:6   | Killed a catoblepas
 43528 | Lair:6   | Noticed a death yak
 43528 | Lair:6   | Noticed a death yak
 43529 | Lair:6   | Noticed a death yak
 43529 | Lair:6   | Noticed a death yak
 43530 | Lair:6   | Noticed a death yak
 43664 | Lair:6   | Noticed a death yak
 44747 | Lair:4   | Killed a death yak
 44883 | Lair:4   | Noticed an anaconda
 44913 | Lair:4   | Slain by an anaconda
 44914 | Lair:4   | Reached XP level 11. HP: 0/48 MP: 27/32
 45264 | Lair:3   | Noticed a spectral orc warlord
 45376 | Lair:3   | Killed Nergalle
 45844 | Lair:4   | Killed from afar by a rime drake

Skill      XL: |  1  2  3  4  5  6  7  8  9 10 11 12 13 |
---------------+----------------------------------------+-----
Stealth        | 1 2 3 4 6 8 9 10 12 13 | 13.1
Unarmed Combat | 5 6 7 8 10 11 13 | 13.8
Dodging        | 5 7 8 9 10 | 10.5
Evocations     | 1 |  1.5
Fighting       | 4 5 |  5.3
Translocations | 1 |  1.7
Spellcasting   | 1 5 6 7 |  7.6
Hexes          | 1 8 7 |  8.1
Poison Magic   | 4 6 |  6.1
Conjurations   | 6 |  6.6
Summonings     | |  0.4

Action                   |  1- 3 |  4- 6 |  7- 9 | 10-12 | 13-15 || total
-------------------------+-------+-------+-------+-------+-------++-------
Melee: Unarmed           |   149 |   147 |   576 |   858 |     6 ||  1736
       Bite              |     6 |    15 |    69 |   127 |     2 ||   219
       Punch             |     1 |     6 |    24 |    89 |       ||   120
 Cast: Blink             |       |       |     3 |     3 |       ||     6
       Confusing Touch   |       |       |       |   129 |     2 ||   131
       Magic Dart        |       |       |       |    83 |    24 ||   107
       Slow              |       |       |       |   128 |     9 ||   137
       Confuse           |       |       |       |   114 |    14 ||   128
       Call Imp          |       |       |       |     3 |       ||     3
Evoke: Wand              |       |       |     7 |     7 |       ||    14
  Use: Potion            |     2 |     1 |     4 |    12 |       ||    19
       Scroll            |       |       |    12 |    13 |       ||    25
 Stab: Sleeping          |     8 |    13 |     9 |    35 |       ||    65
       Distracted        |     1 |     1 |     8 |     1 |       ||    11
       Confused          |       |       |       |    74 |     2 ||    76
  Eat: Chunk             |    16 |     1 |    22 |    46 |       ||    85
       Royal jelly       |       |       |     1 |     4 |       ||     5
       Beef jerky        |       |       |       |     2 |       ||     2
       Meat ration       |       |       |       |     1 |       ||     1
       Pizza             |       |       |       |     2 |       ||     2
Armor: Skin              |    14 |     8 |    11 |    19 |       ||    52
Dodge: Dodged            |   152 |    77 |   469 |   581 |    18 ||  1297
